 Dungeon Crawl Stone Soup version 0.25-a0-834-g55863b0b92 (webtiles) character file.

Game seed: 300868529415682750, levelgen mode: deterministic

197 Maedhros the Sneak (level 5, -5/33 HPs)
             Began as an Octopode Artificer on Apr 23, 2020.
             Slain by a hippogriff (6 damage)
             ... on level 4 of the Dungeon.
             The game lasted 00:02:07 (1449 turns).

Maedhros the Sneak (Octopode Artificer)             Turns: 1449, Time: 00:02:08

Health: -5/33      AC:  1    Str: 12    XL:     5   Next: 75%
Magic:  9/9        EV: 13    Int: 13    God:
Gold:   52         SH:  0    Dex: 13    Spells: 4/4 levels left

rFire    . . .     SeeInvis .   a - +0 short sword
rCold    . . .     Gourm    .   (no shield)
rNeg     . . .     Faith    .   (helmet restricted)
rPois    .         Spirit   .   (no amulet)
rElec    .         Reflect  .   (no ring)
rCorr    .         Harm     .   (no ring)
MR       .....                  (no ring)
Stlth    ++++......             (no ring)
HPRegen  0.11/turn              (no ring)
MPRegen  0.11/turn              (no ring)
                                (no ring)
                                (no ring)

@: mighty, lethally poisoned (-5 -> -7)
A: almost no armour, stealthy swim, amphibious, 8 rings, constrict 8, camouflage
1, gelatinous body 1
a: no special abilities


You were on level 4 of the Dungeon.
You were hungry.

You visited 1 branch of the dungeon, and saw 4 of its levels.

You collected 52 gold pieces.

Inventory:

Hand Weapons
 a - a +0 short sword (weapon)
Wands
 b - a wand of flame (14)
 c - a wand of enslavement (9)
 d - a wand of random effects (7)
Scrolls
 e - a scroll of immolation {unknown}
 g - a scroll of magic mapping {unknown}
 j - a scroll of random uselessness {unknown}
 k - 2 scrolls of enchant weapon {unknown}
 l - a scroll of identify {unknown}
 m - a scroll of remove curse {unknown}
Comestibles
 f - 4 rations


   Skills:
 - Level 1.0 Fighting
 - Level 1.0 Short Blades
 - Level 2.0 Dodging
 + Level 5.6 Stealth
 + Level 5.3 Evocations


You had 4 spell levels left.
You didn't know any spells.
Your spell library was empty.

Dungeon Overview and Level Annotations

Branches:
Dungeon (4/15)
 Temple: D:4-7

Altars:

Annotations:
D:4 3 runed translucent doors, Tyrantos's ghost, amateur DsFi


Innate Abilities, Weirdness & Mutations

You cannot wear most types of armour.
You are very stealthy in the water. (Stealth+)
You are amphibious.
You can wear up to eight rings at the same time.
You can use your tentacles to constrict eight enemies at once.
Your skin changes colour to match your surroundings (Stealth+).
Your rubbery body absorbs attacks. (AC +1, EV +1)


Message History

Evoke which item? (* to show all) (? for menu, Esc to quit)
Aiming: Random Effects
Press: ? - help, Shift-Dir - straight line, f/p - hippogriff
Aim: a hippogriff (moderately wounded, confused, misshapen and mutated)
The hippogriff seems to speed up.
You feel a bit more experienced.
* * * LOW HITPOINT WARNING * * *
You feel sick.
Evoke which item? (* to show all) (? for menu, Esc to quit)
Aiming: Random Effects
Press: ? - help, Shift-Dir - straight line, f/p - hippogriff
Aim: a hippogriff (moderately wounded, fast, confused, misshapen and mutated)
The hippogriff flickers and vanishes!
Deactivating autopickup; reactivate with Ctrl-A.
Evoke which item? (* to show all) (? for menu, Esc to quit)
Okay, then.
* * * LOW HITPOINT WARNING * * *
You feel sick. Something bites you.
* * * LOW HITPOINT WARNING * * *
Something pecks you.
You die...

####### ##.....##
##.?....>##
#......(..#
#.........#
#.......{.#
#.......@.# #####
#.........#
#...###.....s..##
#...##..........#
#...............#
#.....#.........#
###...#.#.......).#
........#.....>....
(.#..#.#########..


You could see a friendly scorpion (wandering).

Vanquished Creatures
  A centaur (D:4)
  A scorpion (D:4)
  An iguana (D:4)
  A hound skeleton (D:4)
  A gnoll (D:1)
  4 adders
  A worm (D:4)
  A dart slug (D:2)
  A leopard gecko (D:2)
  A goblin (D:1)
  3 hobgoblins
  5 jackals
  3 kobolds
  A bat (D:1)
  2 frilled lizards
  2 rats (D:1)
29 creatures vanquished.

Vanquished Creatures (collateral kills)
  An adder (D:4)
  An adder skeleton (D:4)
  An orc (D:4)
3 creatures vanquished.

Vanquished Creatures (others)
  An ogre (D:4)
1 creature vanquished.

Grand Total: 33 creatures vanquished

Notes
Turn   | Place    | Note
-------+----------+-------------------------------------------
     0 | D:1      | Maedhros the Octopode Artificer began the quest for the
                  | Orb.
     0 | D:1      | Reached XP level 1. HP: 13/13 MP: 3/3
   228 | D:1      | Reached XP level 2. HP: 15/18 MP: 4/4
   476 | D:2      | Reached XP level 3. HP: 20/23 MP: 4/6
   625 | D:3      | Reached XP level 4. HP: 17/28 MP: 7/7
   778 | D:4      | Noticed a centaur
   778 | D:4      | Noticed an ogre
   874 | D:4      | Reached skill level 5 in Evocations
   874 | D:4      | Reached XP level 5. HP: 11/33 MP: 8/8
  1073 | D:4      | Reached skill level 5 in Stealth
  1082 | D:4      | Found a runed translucent gate.
  1082 | D:4      | Found a runed translucent gate.
  1082 | D:4      | Found a runed translucent gate.
  1082 | D:4      | Noticed Tyrantos's ghost (amateur DsFi)
  1109 | D:4      | Noticed a hippogriff
  1449 | D:4      | HP: 1/33 [something (1)]
  1449 | D:4      | Slain by a hippogriff

Levels and vault maps discovered:
D:1:      lightli_arrival_statue_moat, layout_basic
D:2:      layout_loops_ring, nicolae_ru_the_path_less_chosen,
          fiery_altar_vehumet
D:3:      layout_rooms, nicolae_overflow_crystal_walls, tgw_xom, uniq_natasha
D:4:      layout_rooms, gammafunk_ghost_split, first_ration,
          kennysheep_generic_room_14

Skill      XL: |  1  2  3  4  5 |
---------------+----------------+-----
Stealth        | 2 3 4 5 |  5.6
Evocations     | 4 5 |  5.3
Fighting       | |  1.0
Short Blades   | |  1.0
Dodging        | |  2.0

Action                   |  1- 3 |  4- 6 || total
-------------------------+-------+-------++-------
Melee: Short sword       |    40 |    28 ||    68
       Constrict         |    11 |     7 ||    18
       Tentacles         |     7 |     6 ||    13
Evoke: Wand              |     1 |    14 ||    15
  Use: Potion            |       |     2 ||     2
 Stab: Sleeping          |     6 |     4 ||    10
  Eat: Chunk             |       |     1 ||     1
Armor: Skin              |       |     1 ||     1
Dodge: Dodged            |    26 |    22 ||    48

Table legend:
 A = Non-vault XP
 B = Vault XP
 C = Vault XP percentage of total XP
 D = Non-vault monster count
 E = Vault monster count
 F = Vault count percentage of total count
                 A         B        C        D         E       F
            +---------+---------+-------+---------+---------+-------
      Total |     282 |       0 |   0.0 |      32 |       0 |   0.0
            +---------+---------+-------+---------+---------+-------
        D:1 |      29 |       0 |   0.0 |      10 |       0 |   0.0
        D:2 |      41 |       0 |   0.0 |       8 |       0 |   0.0
        D:3 |      28 |       0 |   0.0 |       3 |       0 |   0.0
        D:4 |     184 |       0 |   0.0 |      11 |       0 |   0.0
            +---------+---------+-------+---------+---------+-------
